 Dungeon Crawl Stone Soup version 0.16-a0-4088-g7c8221e (webtiles) character file.

47296 Sixotanaka the Nimble (level 14, -2/122 HPs)
             Began as a Troll Warper on Feb 22, 2015.
             Was the Champion of Cheibriados.
             Slain by chequers' ghost (14 damage)
             ... on level 4 of the Lair of Beasts on Feb 23, 2015.
             The game lasted 01:31:32 (18554 turns).

Sixotanaka the Nimble (Troll Warper)               Turns: 18554, Time: 01:31:32

Health: -2/122     AC:  9    Str: 38    XL:     14   Next: 8%
Magic:  8/12       EV: 23    Int: 29    God:    Cheibriados [******]
Gold:   1325       SH:  0    Dex: 34    Spells: 6 memorised, 2 levels left

rFire  + . .     SeeInvis .       - Unarmed
rCold  + . .     Clarity  +     T - +0 mottled dragon armour
rNeg   . . .     SustAb   .     (shield restricted)
rPois  +         Gourm    +     (helmet restricted)
rElec  +         Spirit   .     (no cloak)
rCorr  .         Warding  .     (gloves unavailable)
rMut   .         Stasis   .     (boots unavailable)
MR     +....                    x - amulet of clarity
Stlth  +.........               Y - ring of Wishful Thinking {rElec rF+ MP-9 Int+4 Dex+8}
                                q - ring of poison resistance

@: very slightly contaminated, glowing, repel missiles, heavily drained, very
slow, somewhat resistant to hostile enchantments, very unstealthy
A: unfitting armour, claws 3, hooves 1, cold resistance 1, fast metabolism 3,
gourmand, regeneration 2, shaggy fur 1, tough skin 2
a: Bend Time, Temporal Distortion, Slouch, Step From Time, Renounce Religion


You were on level 4 of the Lair of Beasts.
You worshipped Cheibriados.
Cheibriados was exalted by your worship.
You were completely stuffed.

You visited 2 branches of the dungeon, and saw 18 of its levels.
You also visited: Labyrinth and Volcano.

You collected 1325 gold pieces.


Innate Abilities, Weirdness & Mutations

You are too large for most types of armour.
You have claws for hands.
Your metabolism is lightning-fast.
You like to eat raw meat.
You heal very quickly.
You are covered in fur (AC +1).
You have very tough skin (AC +2).
You have large cloven feet.
Your flesh is cold resistant.


   Skills:
 + Level 3.9(1.7) Fighting
 - Level 5.2(2.9) Throwing
 - Level 0.7(0.0) Armour
 - Level 14.5(11.6) Dodging
 - Level 13.1(10.3) Unarmed Combat
 - Level 1.2(0.0) Spellcasting
 - Level 2.1(0.1) Translocations
 - Level 8.0(5.5) Invocations
 - Level 0.1(0.0) Evocations


You had 2 spell levels left.
You knew the following spells:

 Your Spells              Type           Power        Failure   Level  Hunger
a - Shroud of Golubria    Chrm/Tloc      #.........   17%         2    ###....
b - Blink                 Tloc           N/A          17%         2    ###....
d - Repel Missiles        Chrm/Air       #.....       17%         2    ###....
e - Apportation           Tloc           #.........   12%         1    ##.....
g - Regeneration          Chrm/Necr      #.........   34%         3    ####...
y - Teleport Other        Tloc           #.......     34%         3    ####...


Dungeon Overview and Level Annotations

Branches:
Dungeon (10/15)            Temple (0/1) D:5            Lair (8/8) D:10
 Shoals (0/5) Lair:6       Spider (0/5) Lair:3        Slime (0/6) Lair:6
    Orc: D:9-12

Altars:
Cheibriados
Elyvilon
Makhleb
Okawaru
Vehumet

Shops:
D:5 (

Annotations:
D:8 yaymichael's ghost, experienced HEWz
Lair:2 exclusions: hydra and oklob plant
Lair:4 chequers' ghost, powerful DsBe

Inventory:

Hand weapons
 I - a +0 blowgun
Missiles
 b - 6 needles of slowing
 e - 5 tomahawks of dispersal {!f}
 h - 3 needles of sleeping
 D - 11 large rocks (quivered)
 H - 3 throwing nets
 J - 47 poisoned needles
Armour
 T - a +0 mottled dragon armour (worn)
Jewellery
 m - an uncursed ring of protection from fire
 q - a ring of poison resistance (left claw)
 x - an amulet of clarity (around neck)
 M - an uncursed ring of protection from cold
 P - an uncursed ring of teleportation
 V - an uncursed ring of positive energy
 Y - the ring of Wishful Thinking (right claw) {rElec rF+ MP-9 Int+4 Dex+8}
   (You found it in a labyrinth)

   [ring of protection from fire]

   It affects your intelligence (+4).
   It affects your dexterity (+8).
   It protects you from fire.
   It insulates you from electricity.
   It affects your magic capacity (-9).
Magical devices
 g - a wand of paralysis (7)
 i - a wand of digging (8)
 w - a wand of disintegration (2)
 C - a wand of draining (0)
 G - a wand of lightning (0)
 W - a wand of frost (14)
Scrolls
 d - 2 scrolls of blinking
 f - 2 scrolls of enchant armour
 j - 5 scrolls of recharging
 k - 5 scrolls of teleportation {@r4}
 l - 3 scrolls of magic mapping
 r - a scroll of amnesia
 u - 5 scrolls of immolation {!r}
 y - 4 scrolls of remove curse {@r2}
 z - 3 scrolls of fear
 L - a scroll of vulnerability {unknown}
 O - a scroll of random uselessness {unknown}
 Q - 4 scrolls of enchant weapon
 S - 2 scrolls of silence {unknown}
Potions
 p - 2 potions of resistance
 s - a potion of restore abilities
 v - 3 potions of cancellation
 A - 3 potions of agility
 E - 3 potions of curing {@q1}
 R - 3 potions of magic
 Z - a potion of brilliance
Books
 c - a book of Party Tricks
Comestibles
 a - 7 meat rations
 t - 13 bread rations
 B - 5 slices of pizza
 K - 4 beef jerkies
 N - 10 royal jellies
 U - 37 fruits

.............####..#......###.#..
............####.##.......P###..
...............................
..............................>
..................... ........
.................... .......
........##....##... #....#
#.#....#..###.#.... #..#.
#........@W...# ....
......#.......... .....
.....##.....##.. .#.....# #....
......# ...#......# ...
........#...#P.....#
....#.....#....##....##
..P##P.#.##...##..PP##
..##...##............
......................


You could see chequers' ghost.


Message History

You see here a river rat corpse.
You butcher the river rat corpse.
n - a poisonous chunk of flesh You see here a river rat corpse.
You butcher the river rat corpse.
n - 2 poisonous chunks of flesh (gained 1)
You see here a river rat corpse.
You butcher the river rat corpse.
n - 3 poisonous chunks of flesh (gained 1) Eat one of 3 poisonous chunks of flesh? (ye/n/q/i?) This raw flesh tastes great.
You continue eating. x2
Eat one of 2 poisonous chunks of flesh? (ye/n/q/i?) This raw flesh tastes great.
You continue eating. x2
Found a stone staircase leading down.
You now have 1325 gold pieces (gained 21).
The river rat is too close now for your liking.
A river rat is nearby!
The river rat misses you.
You closely miss the river rat.
You kick the river rat, but do no damage.
The river rat misses you.
You claw the river rat!
You kill the river rat!
Cheibriados appreciates the change of pace.
No target in view!
Found a scroll of identify.
o - a scroll of identify {@r1} Read which item? (? for menu, Esc to quit)
Identify which item? (\ to view known items) (? for menu, Esc to quit)
As you read the scroll of identify {@r1}, it crumbles to dust.
z - 3 scrolls of fear Eating a poisonous chunk of flesh.
This raw flesh tastes great.
You continue eating. x2
Chequers' ghost is too close now for your liking.
You miscast Regeneration.
You are very lightly contaminated with residual magic.
You are outlined in light.
Space distorts slightly along a thin shroud covering your body.
You barely miss chequers' ghost.
You kick chequers' ghost, but do no damage.
You claw chequers' ghost, but do no damage.
You mangle chequers' ghost!!
You kick chequers' ghost, but do no damage.
Chequers' ghost hits you!
Your shroud falls apart!
You feel drained.
You miss chequers' ghost. Your kick misses chequers' ghost.
Chequers' ghost barely misses you.
You barely miss chequers' ghost. Your kick misses chequers' ghost.
Your claw misses chequers' ghost. Chequers' ghost hits you!!
You feel drained.
You barely miss chequers' ghost.
You kick chequers' ghost, but do no damage.
You mangle chequers' ghost!!
You kick chequers' ghost, but do no damage.
Chequers' ghost hits you!!
* * * LOW HITPOINT WARNING * * *
You feel drained.
* * * LOW HITPOINT WARNING * * *
You scratch chequers' ghost but do no damage.
Your kick misses chequers' ghost. Chequers' ghost hits you.
* * * LOW HITPOINT WARNING * * *
You feel drained.
You claw chequers' ghost!
You kick chequers' ghost, but do no damage.
Chequers' ghost hits you!!
* * * LOW HITPOINT WARNING * * *
You feel drained.
You die...

Action                   |  1- 3 |  4- 6 |  7- 9 | 10-12 | 13-15 || total
-------------------------+-------+-------+-------+-------+-------++-------
Melee: Unarmed           |    82 |   102 |   405 |   707 |   402 ||  1698
 Fire: Blowgun           |       |       |       |     3 |       ||     3
Throw: Large rock        |       |       |     3 |     9 |    36 ||    48
 Cast: Shroud of Golubri |       |       |     6 |     2 |     5 ||    13
       Blink             |       |       |       |     1 |     3 ||     4
       Regeneration      |       |       |       |     3 |     5 ||     8
       Repel Missiles    |       |       |       |     1 |     1 ||     2
Invok: Slouch            |       |       |       |     8 |     6 ||    14
       Bend Time         |       |       |       |     1 |       ||     1
Evoke: Wand              |       |       |       |       |    21 ||    21
  Use: Scroll            |       |     3 |    14 |     8 |    10 ||    35
       Potion            |       |     1 |     2 |     1 |     2 ||     6
 Stab: Sleeping          |       |       |     1 |    20 |     5 ||    26
       Distracted        |       |       |       |     4 |     2 ||     6
       Confused          |       |       |       |       |     1 ||     1
  Eat: Chunk             |     7 |    11 |    29 |    44 |    36 ||   127
       Meat ration       |     1 |       |       |       |       ||     1
       Royal jelly       |       |       |       |       |     1 ||     1

Vault maps used:
D:1:      dpeg_arrival_arbitrary_b
D:2:      minmay_misc_feat_chi, serial_bayou_crossing
D:3:      cheibriados_altar_1, uniq_robin, uniq_grinder, uniq_natasha,
          uniq_sigmund
D:4:      uniq_edmund
D:5:      minmay_temple_entry_crystal_x, first_bread, serial_shops,
          nicolae_shop_behind_doors, okawaru_gym_becter
D:7:      statuecave_lemuel, the_bakery, kennysheep_generic_room_10
D:8:      minitemple, roderic_serpentine_path
D:9:      nicolae_two_hexagons
D:10:     lemuel_flame_loot_2, grunt_lair_entry_elf_guard_hut, erik_orc_1
Lair:1:   lab_entry_generic, basic_altar, minivault_25, lemuel_fruit_tree,
          lemuel_fruit_fields, serial_bayou_shore_a, infiniplex_staircase_pool_2
Lair:2:   lemuel_ratsnest, lemuel_oklob_altar
Lair:3:   spider_nest_entry_rubble, nicolae_volcano_entry_vermiform,
          grunt_megastairs_2, lemuel_fruit_fields
Lair:4:   beast_lair_carwin_7
Lair:5:   basic_altar, serial_bayou_pond_d, serial_bayou_shore_b
Lair:6:   elwin_shoals_entry_rooms, minmay_slime_entry_jelly_boxes,
          zaba_antful_of_joy, uniq_nergalle
Lair:7:   grunt_megastairs_4
Lair:8:   guppyfry_lair_end_dragon, portal_ice_cave_entry_pillars_02
Lab:      labyrinth_hidden_loot, nicolae_lab_lava
Volcano:  volcano_tomb

Notes
Turn   | Place    | Note
--------------------------------------------------------------
     0 | D:1      | Sixotanaka, the Troll Warper, began the quest for the Orb.
     0 | D:1      | Reached XP level 1. HP: 19/19 MP: 2/2
   179 | D:1      | Reached XP level 2. HP: 24/27 MP: 2/2
   236 | D:1      | Reached skill level 3 in Unarmed Combat
   707 | D:2      | Reached XP level 3. HP: 25/33 MP: 3/3
  1283 | D:3      | Noticed Natasha
  1288 | D:3      | Killed Natasha
  1288 | D:3      | Reached skill level 4 in Unarmed Combat
  1311 | D:3      | Noticed Robin
  1318 | D:3      | Reached XP level 4. HP: 32/41 MP: 4/4
  1335 | D:3      | Killed Robin
  1462 | D:3      | Reached skill level 5 in Unarmed Combat
  1462 | D:3      | Reached XP level 5. HP: 40/48 MP: 4/4
  1493 | D:3      | Reached skill level 6 in Unarmed Combat
  1713 | D:3      | Noticed Grinder
  1720 | D:3      | Paralysed by Grinder for 7 turns
  1727 | D:3      | HP: 10/48 [Grinder (5)]
  1737 | D:3      | Killed Grinder
  1737 | D:3      | Reached skill level 7 in Unarmed Combat
  1737 | D:3      | Reached XP level 6. HP: 23/55 MP: 5/5
  1955 | D:3      | Noticed Sigmund
  1970 | D:3      | Killed Sigmund
  1970 | D:3      | Reached XP level 7. HP: 20/62 MP: 5/5
  2032 | D:3      | Noticed Natasha
  2036 | D:3      | Killed Natasha
  2036 | D:3      | Reached skill level 8 in Unarmed Combat
  2307 | D:3      | Noticed Natasha
  2321 | D:3      | Killed Natasha
  2379 | D:3      | Found a snail-covered altar of Cheibriados.
  2517 | D:3      | Became a worshipper of Cheibriados the Contemplative
  2740 | D:4      | Noticed chequers' ghost (average OpBe)
  2749 | D:4      | Killed chequers' ghost
  2760 | D:4      | Noticed Edmund
  2765 | D:4      | Killed Edmund
  2765 | D:4      | Reached skill level 9 in Unarmed Combat
  2871 | D:4      | Learned a level 3 spell: Teleport Other
  2874 | D:4      | Learned a level 2 spell: Shroud of Golubria
  2877 | D:4      | Learned a level 2 spell: Blink
  3143 | D:5      | Entered Level 5 of the Dungeon
  3152 | D:5      | Reached XP level 8. HP: 57/70 MP: 6/6
  3178 | D:5      | Found a staircase to the Ecumenical Temple.
  3422 | D:5      | Reached skill level 10 in Unarmed Combat
  3422 | D:5      | Reached skill level 1 in Invocations
  3444 | D:5      | Found Akameel's Weapon Shop.
  3521 | D:5      | Reached skill level 2 in Invocations
  3546 | D:5      | Found an iron altar of Okawaru.
  3681 | D:5      | zzxc: slaughtering millions of innocent popcorn?
  3681 | D:5      | Sixotanaka: hey
  3681 | D:5      | Sixotanaka: yes
  3681 | D:5      | Sixotanaka: so tired dude
  3681 | D:5      | Sixotanaka: my internet came good again last night tho at like 12
  3930 | D:5      | zzxc: well that's something
  3956 | D:6      | Reached skill level 3 in Invocations
  4019 | D:6      | zzxc: you at uni?
  4021 | D:6      | Sixotanaka: ye
  4021 | D:6      | Sixotanaka: LIGHTNING fast here
  4021 | D:6      | Sixotanaka: u know how we said "feels like offline" when we got aus
  4021 | D:6      | Sixotanaka: well, this actually does
  4032 | D:6      | zzxc: you know, ever since I stopped going to uni every day
  4045 | D:6      | zzxc: I've been getting much more sleep
  4053 | D:6      | zzxc: this looks bad
  4175 | D:6      | Reached skill level 4 in Invocations
  4175 | D:6      | zzxc: should id more stuff
  4175 | D:6      | Reached XP level 9. HP: 67/76 MP: 10/10
  4179 | D:6      | Gained mutation: Your flesh is cold resistant. [potion of beneficial mutation]
  4205 | D:6      | zzxc: have you got teleport ided?
  4205 | D:6      | Reached skill level 11 in Unarmed Combat
  4206 | D:6      | zzxc: what I've been doing is iding scrolls first till I find teleport
  4206 | D:6      | zzxc: then potions
  4208 | D:6      | zzxc: since teleport is so effective
  4208 | D:6      | Sixotanaka: lol
  4208 | D:6      | Sixotanaka: fuck i thought cursor was here
  4224 | D:6      | Acquired Cheibriados' first power
  4233 | D:6      | zzxc: friendly gnoll
  4239 | D:6      | zzxc: shield you from centaur
  4245 | D:6      | zzxc: lol wizard gnoll
  4247 | D:6      | zzxc: wielding great staff
  4249 | D:6      | Sixotanaka: i loled irl
  4320 | D:6      | Sixotanaka: well
  4320 | D:6      | Sixotanaka: check out my robes
  4320 | D:6      | Sixotanaka: i am a wizard troll
  4320 | D:6      | zzxc: what a troll
  4323 | D:6      | Sixotanaka: complete the look
  4449 | D:6      | Reached skill level 5 in Invocations
  4525 | D:6      | zzxc: I've been playing unreal world
  4552 | D:6      | zzxc: I've pretty much settled in this spot
  4559 | D:6      | zzxc: surrounded by a lake on 3 sides
  4633 | D:6      | zzxc: like a bit of land that portrudes
  4694 | D:6      | zzxc: witih a lot of trees
  4723 | D:7      | zzxc: birds seem to love that area
  4780 | D:7      | Acquired Cheibriados' second power
  4815 | D:7      | Gained mutation: You have large cloven feet. [potion of beneficial mutation]
  4817 | D:7      | zzxc: whenever I try to craft something birds keep sqwarking(sp?)
  4818 | D:7      | zzxc: all around me
  4818 | D:7      | Sixotanaka: squarking
  4818 | D:7      | Sixotanaka: i think
  4821 | D:7      | zzxc: looks dumb
  4823 | D:7      | zzxc: lol
  4834 | D:7      | zzxc: they all do
  4834 | D:7      | Sixotanaka: squark skwɑːk/ nounPHYSICS the supersymmetric counterpart of a quark, with spin 0 instead of 1/2.
  4838 | D:7      | zzxc: lol
  4842 | D:7      | zzxc: totally what I meant
  4889 | D:7      | zzxc: so I made a lot of small lever traps
  4889 | D:7      | Sixotanaka: lol
  4978 | D:7      | zzxc: and placed them all around my area
  5061 | D:7      | zzxc: along the waterline
  5061 | D:7      | zzxc: been catching birds constantly
  5103 | D:7      | zzxc: no bait even
  5104 | D:7      | Reached skill level 6 in Invocations
  5153 | D:7      | Sixotanaka: lol
  5169 | D:7      | Sixotanaka: avian diet?
  5347 | D:7      | zzxc: complemented by fishing
  5354 | D:7      | Reached skill level 12 in Unarmed Combat
  5517 | D:7      | zzxc: and big game
  5517 | D:7      | zzxc: and the odd, err, snake
  5517 | D:7      | Sixotanaka: people are photoshopping the lecturer onto things
  5577 | D:7      | zzxc: there was a snake that kept irritating me, hissing
  5597 | D:8      | zzxc: while I was trying to make fences
  5599 | D:8      | zzxc: eventually he hissed his way into a trap
  5603 | D:8      | zzxc: and I ate him
  5603 | D:8      | zzxc: yum
  5603 | D:8      | Sixotanaka: lol
  5603 | D:8      | Sixotanaka: snakes are a delicacy in china
  5613 | D:8      | Sixotanaka: esp taipans
  5613 | D:8      | Sixotanaka: a taipan can, reflexively bite you
  5613 | D:8      | Sixotanaka: even after being dead for horus
  5613 | D:8      | Sixotanaka: hours
  5660 | D:8      | zzxc: I guess that's an accident of nature?
  5662 | D:8      | zzxc: can't really imagine an evolutionary benefit to that
  5694 | D:8      | Acquired Cheibriados' third power
  5784 | D:8      | Sixotanaka: mm
  5784 | D:8      | Sixotanaka: accident
  5784 | D:8      | Sixotanaka: but can't hurt OTHER taipans
  5784 | D:8      | Sixotanaka: if their predators die
  5797 | D:8      | zzxc: probably has a very very marginal benefit
  5799 | D:8      | zzxc: for other taipans
  6041 | D:8      | Reached XP level 10. HP: 74/85 MP: 16/16
  6049 | D:8      | zzxc: drain is annoying too
  6077 | D:8      | zzxc: what are your skills?
  6099 | D:8      | zzxc: maybe train dodging?
  6099 | D:8      | Sixotanaka: in a bit
  6099 | D:8      | zzxc: just hurts to see 10 ev
  6099 | D:8      | zzxc: with 22 dex
  6099 | D:8      | Sixotanaka: want to get 7 invoc
  6099 | D:8      | zzxc: think your UC is already great
  6159 | D:8      | Noticed yaymichael's ghost (experienced HEWz)
  6159 | D:8      | zzxc: yaymichael
  6187 | D:9      | HP: 16/85 [iguana (6)]
  6321 | D:9      | zzxc: I do believe training dodging was the optimal move
  6321 | D:9      | Sixotanaka: lol
  6321 | D:9      | zzxc: if you aren't going to use abilities
  6325 | D:9      | zzxc: in that dangerous situation
  6325 | D:9      | Sixotanaka: after the blink it was fine
  6327 | D:9      | zzxc: nah you were in i1 hit range
  6327 | D:9      | Reached skill level 7 in Invocations
  6328 | D:9      | zzxc: for several turns
  6398 | D:9      | Sixotanaka: not from a falchion
  6511 | D:9      | Learned a level 3 spell: Regeneration
  6543 | D:9      | Sixotanaka: anyway i dont need slouch for a bit
  6543 | D:9      | Sixotanaka: but it helps because it massacres anything here
  6583 | D:9      | Reached skill level 2 in Dodging
  6742 | D:9      | zzxc: if you dont need it
  6742 | D:9      | zzxc: why you training invo
  6742 | D:9      | zzxc: lol
  6742 | D:9      | Sixotanaka: i will need it
  6742 | D:9      | zzxc: train dodge firsti then invo then
  6742 | D:9      | Sixotanaka: i dont like that
  6742 | D:9      | Sixotanaka: i think it's better to have slouch
  6755 | D:10     | Entered Level 10 of the Dungeon
  6770 | D:10     | zzxc: if you have teleport
  6786 | D:10     | zzxc: dont need slouch
  6876 | D:10     | zzxc: until you are ready
  6878 | D:10     | Sixotanaka: dont need
  6878 | D:10     | Sixotanaka: but what you're saying is like
  6878 | D:10     | Sixotanaka: "why would I learn fireball when I have conjure flame and stones"
  6898 | D:10     | zzxc: see you've only trained a bit of dodging
  6907 | D:10     | zzxc: gained 2 ev already
  6914 | D:10     | Sixotanaka: because when I was leveling invoc
  6914 | D:10     | zzxc: that will make a big difference
  6914 | D:10     | Sixotanaka: i didn't have high dex
  6914 | D:10     | Sixotanaka: like i do now
  6914 | D:10     | Sixotanaka: because chei piety
  6914 | D:10     | zzxc: once you get like 16 ev you're gonna take like 0 dmg from stuff till lair
  6914 | D:10     | Sixotanaka: increases exponentially
  6974 | D:10     | zzxc: and most stuff in lair except mambas and spinys
  6982 | D:10     | Sixotanaka: slouch is mainly useful for hydras
  6982 | D:10     | zzxc: nah when we spoke about it
  6982 | D:10     | zzxc: you had 22 dex
  6982 | D:10     | Sixotanaka: i want it reliable by then
  6982 | D:10     | zzxc: now you have 24
  6982 | D:10     | zzxc: not much diff
  6982 | D:10     | Sixotanaka: could have had lair before
  6984 | D:10     | Sixotanaka: if u want tu play u can play xD
  6990 | D:10     | zzxc: lol
  6995 | D:10     | Reached skill level 3 in Dodging
  7010 | D:10     | Reached skill level 13 in Unarmed Combat
  7022 | D:10     | zzxc: but you're also training UC
  7065 | D:10     | zzxc: when your UC is high enough already
  7072 | D:10     | zzxc: more UC is good yes
  7072 | D:10     | zzxc: but so is dodging
  7072 | D:10     | zzxc: and dodging is just cheaper
  7072 | D:10     | Sixotanaka: idk i've found 12-13 to be good enough for first lot
  7083 | D:10     | Sixotanaka: was going to stop at 13
  7086 | D:10     | zzxc: 13 with troll is like
  7099 | D:10     | zzxc: 19? with normal char?
  7107 | D:10     | zzxc: I cant remember
  7119 | D:10     | Found a staircase to the Lair.
  7124 | D:10     | Reached skill level 4 in Dodging
  7128 | D:10     | zzxc: 2 skill levels per level of claw?
  7128 | D:10     | Sixotanaka: doesn't work like that
  7128 | D:10     | zzxc: it does
  7128 | D:10     | Sixotanaka: it's even better than that tho
  7128 | D:10     | Sixotanaka: because it takes you less time to attack
  7128 | D:10     | Sixotanaka: per point
  7129 | D:10     | zzxc: hmm
  7129 | D:10     | Sixotanaka: and you get base dmg from the claws
  7129 | D:10     | zzxc: ok kbut that's very minor
  7130 | Lair:1   | Entered Level 1 of the Lair of Beasts
  7137 | Lair:1   | zzxc: claws gives base dmg
  7143 | Lair:1   | zzxc: and so does skill
  7172 | Lair:1   | zzxc: 1 skill = 1 base dmg
  7181 | Lair:1   | zzxc: 1 level of claw = 2 base dmg
  7181 | Lair:1   | Sixotanaka: yes
  7181 | Lair:1   | Sixotanaka: but
  7181 | Lair:1   | Sixotanaka: also attack speed
  7187 | Lair:1   | zzxc: the attack speed from 6 skill is not that much difference
  7187 | Lair:1   | Sixotanaka: more attack speed + more base dmg
  7208 | Lair:1   | zzxc: but yes it's somethign
  7231 | Lair:1   | zzxc: either way
  7234 | Lair:1   | zzxc: you're annihilating shit
  7236 | Lair:1   | Found a labyrinth entrance.
  7244 | Lab      | Sixotanaka: ya
  7244 | Lab      | Sixotanaka: but
  7244 | Lab      | zzxc: some dodging makes more difference
  7244 | Lab      | Sixotanaka: when i come up against something strong
  7244 | Lab      | Sixotanaka: i'll need it
  7244 | Lab      | Sixotanaka: and yes
  7244 | Lab      | Sixotanaka: that's why i'm trainign it dude
  7244 | Lab      | Entered a labyrinth
  7245 | Lab      | zzxc: lol
  7245 | Lab      | zzxc: but why not train is like
  7245 | Lab      | zzxc: it
  7245 | Lab      | Sixotanaka: i literally did this exact training
  7245 | Lab      | zzxc: 2 levels ago
  7245 | Lab      | Sixotanaka: before
  7245 | Lab      | zzxc: haha
  7245 | Lab      | Sixotanaka: last troll
  7245 | Lab      | zzxc: and what happened to him
  7245 | Lab      | Sixotanaka: because 2 levels ago i had *** piety
  7245 | Lab      | Sixotanaka: it was a monk
  7245 | Lab      | Sixotanaka: no teleport
  7245 | Lab      | Sixotanaka: didn't find any tp or blink
  7245 | Lab      | zzxc: which one was this?
  7245 | Lab      | Sixotanaka: ran into a hydra
  7245 | Lab      | zzxc: warper?
  7245 | Lab      | Sixotanaka: and only had 6 invoc
  7245 | Lab      | Sixotanaka: so slouch failed 3 times
  7248 | Lab      | zzxc: that's when you teleport
  7253 | Lab      | Sixotanaka: which i said i didn't have
  7268 | Lab      | zzxc: how do you not have teleport by lair
  7274 | Lab      | Sixotanaka: RNG
  7274 | Lab      | Sixotanaka: I've had no rcurse till vaults before
  7274 | Lab      | zzxc: was it just unid?
  7274 | Lab      | zzxc: or actual none
  7274 | Lab      | Sixotanaka: actually none
  7317 | Lab      | zzxc: that's statistically so improbable
  7327 | Lab      | zzxc: having none by lair
  7365 | Lab      | zzxc: and none by vaults, well that has to be an error by you
  7367 | Lab      | zzxc: because that's like winning the lottery
  7367 | Lab      | Sixotanaka: so is having 5 bene muts before lair
  7367 | Lab      | Sixotanaka: and i've had that before too
  7386 | Lab      | zzxc: teleport is like
  7408 | Lab      | zzxc: equal rarity with id scrolls
  7414 | Lab      | Sixotanaka: i might have had one and read it
  7414 | Lab      | Sixotanaka: can't remember
  7414 | Lab      | Sixotanaka: but didn't have any at the time
  7427 | Lab      | zzxc: probably used them...
  7444 | Lab      | Sixotanaka: didn't use more than 1
  7472 | Lab      | Sixotanaka: but still
  7472 | Lab      | zzxc: find it too hard to believe you had <=1 teleport by vaults
  7472 | Lab      | zzxc: nop
  7472 | Lab      | Sixotanaka: chei troll without slouch is fucking ludicrous on lair
  7527 | Lab      | Sixotanaka: hydras are a huge problem
  7527 | Lab      | zzxc: chei is ludicrous 8
  7527 | Lab      | zzxc: *
  7527 | Lab      | Sixotanaka: probably the only hard thing in the game
  7534 | Lab      | zzxc: hydras are a problem for everyone tho
  7549 | Lab      | zzxc: worse for chei tho
  7580 | Lab      | zzxc: since they actually outrun nyou
  7598 | Lab      | Sixotanaka: yes
  7598 | Lab      | zzxc: um
  7598 | Lab      | Sixotanaka: and i can't fight
  7598 | Lab      | Sixotanaka: because claws
  7598 | Lab      | zzxc: the way I dealt with them on my trolls was
  7610 | Lab      | zzxc: to use wands
  7614 | Lab      | Sixotanaka: yep
  7614 | Lab      | Sixotanaka: that's what I do
  7614 | Lab      | Sixotanaka: but you run out fast
  7614 | Lab      | zzxc: also throw stuff at them
  7614 | Lab      | zzxc: jajvelins
  7614 | Lab      | Sixotanaka: if you get 3-4 hydras that'll burn through all your wands
  7614 | Lab      | zzxc: large rocks
  7614 | Lab      | zzxc: eventually I just used only large rocks
  7614 | Lab      | zzxc: but this early I was using javelins
  7614 | Lab      | zzxc: this minotaur might be hard
  7614 | Lab      | Sixotanaka: lol
  7633 | Lab      | zzxc: one time recently
  7650 | Lab      | zzxc: I curared the minotaur
  7654 | Lab      | zzxc: and he was wearing rPois- randart
  7654 | Lab      | zzxc: so he died from one
  7657 | Lab      | zzxc: when I was merely trying to get some distance
  7657 | Lab      | zzxc: gourmand amulet
  7663 | Lab      | zzxc: kill mummy, get cursed
  7672 | Lab      | Sixotanaka: lol
  7672 | Lab      | zzxc: stuck with useless amulet
  7672 | Lab      | zzxc: waste rcurse
  7678 | Lab      | zzxc: poison doesnt work so well on minotaur
  7678 | Lab      | zzxc: curare does
  7679 | Lab      | Noticed a minotaur
  7689 | Lab      | Killed a minotaur
  7689 | Lab      | Reached skill level 5 in Dodging
  7691 | Lab      | Sixotanaka: meh
  7691 | Lab      | Sixotanaka: poisoned him twice
  7692 | Lab      | Got a wavering amber ring
  7692 | Lab      | Identified Leclaxob's Papyrus of Gliding Protection
  7692 | Lab      | Got a bound silver ring
  7728 | Lab      | zzxc: in unreal world
  7728 | Lab      | zzxc: pick up items is bound to ,
  7728 | Lab      | zzxc: and g is unbound...
  7729 | Lab      | zzxc: so annoying
  7731 | Lab      | Identified the ring of Ivicaid {+Blink rElec MP+9 Int-5} (You found it in a labyrinth)
  7732 | Lab      | zzxc: and I dont know how to rebind keys, if it's possible
  7733 | Lab      | Identified the ring of Wishful Thinking {rElec rF+ MP-9 Int+4 Dex+8} (You found it in a labyrinth)
  7734 | Lab      | zzxc: wow
  7734 | Lab      | zzxc: dex
  7734 | Lab      | zzxc: lol
  7734 | Lab      | zzxc: nice ring
  7734 | Lab      | Sixotanaka: chei reasons
  7734 | Lab      | zzxc: nah
  7734 | Lab      | zzxc: that ring is more like
  7734 | Lab      | Sixotanaka: lol
  7734 | Lab      | zzxc: non-chei efficiency reasons
  7734 | Lab      | Sixotanaka: good item reasons
  7854 | Lair:1   | zzxc: since you dont get so much diminishing returns
  7854 | Lair:1   | zzxc: and get benefits from another god as well
  7854 | Lair:1   | zzxc: assuming gods are roughly equal
  7854 | Lair:1   | Sixotanaka: ya
  7854 | Lair:1   | zzxc: which they are
  7932 | Lair:1   | Reached XP level 11. HP: 87/92 MP: 9/18
  7966 | Lair:1   | zzxc: I like gods the most in crawl
  7967 | Lair:1   | zzxc: paralysis wand
  7970 | Lair:1   | zzxc: nice
  7970 | Lair:1   | zzxc: if you get like
  7970 | Lair:1   | zzxc: 10 evoc
  7970 | Lair:1   | zzxc: you can paralyse a lot of stuff
  8029 | Lair:1   | zzxc: great on hydras
  8029 | Lair:1   | zzxc: you can just claw them to death
  8029 | Lair:1   | zzxc: while paralysed
  8029 | Lair:1   | Sixotanaka: yeah
  8029 | Lair:1   | zzxc: but I mean
  8029 | Lair:1   | Sixotanaka: was planning to get about 10 evoc anyway
  8064 | Lair:1   | zzxc: throwing is good too
  8092 | Lair:1   | Found a burning altar of Makhleb.
  8098 | Lair:1   | zzxc: might be inefficient to level both
  8099 | Lair:1   | Reached skill level 6 in Dodging
  8100 | Lair:1   | zzxc: lol
  8105 | Lair:1   | zzxc: you could save piety! blowgun
  8116 | Lair:1   | zzxc: and lose out on RL time
  8223 | Lair:1   | Sixotanaka: meh
  8223 | Lair:1   | Sixotanaka: probably a net gain
  8223 | Lair:1   | Sixotanaka: of piety
  8223 | Lair:1   | Sixotanaka: they're all really fast
  8544 | Lair:2   | Found a radiant altar of Vehumet.
  8544 | Lair:2   | Noticed a five-headed hydra
  8545 | Lair:2   | zzxc: doing that would annoy me OCD
  8545 | Lair:2   | Sixotanaka: what is this staircase
  8545 | Lair:2   | zzxc: dunno but that's a hydra
  8545 | Lair:2   | Sixotanaka: not gonna fight
  8545 | Lair:2   | Sixotanaka: just gonna sit here
  8545 | Lair:2   | zzxc: is it the only veh altar so far?
  8545 | Lair:2   | zzxc: wait that's impossible
  8545 | Lair:2   | zzxc: still
  8545 | Lair:2   | zzxc: I can imagine a poor hefe
  8545 | Lair:2   | zzxc: looking for veh
  8545 | Lair:2   | zzxc: and finding him here
  8545 | Lair:2   | Sixotanaka: lol
  8545 | Lair:2   | Sixotanaka: i didn't enter lair
  8545 | Lair:2   | Sixotanaka: had a really early chei altar
  8592 | Lair:2   | zzxc: temple you mean
  8592 | Lair:2   | Sixotanaka: ye
  8592 | Lair:2   | Sixotanaka: that one
  8592 | Lair:2   | Sixotanaka: umm
  8592 | Lair:2   | Sixotanaka: that's why i ended up training invoc early
  8592 | Lair:2   | Sixotanaka: mostly
  8592 | Lair:2   | Sixotanaka: because I didn't want to be ultra slow without slouch
  8592 | Lair:2   | zzxc: wonder if the hydra woke up
  8592 | Lair:2   | Sixotanaka: probably
  8592 | Lair:2   | zzxc: that will be a pain
  8604 | Lair:2   | zzxc: you have nice rings
  8780 | Lair:2   | Reached skill level 8 in Invocations
  8815 | Lair:2   | zzxc: I'd just train dodging on its own
  8821 | Lair:2   | zzxc: fo sure
  8823 | Lair:2   | zzxc: once you get like 25 ev
  8890 | Lair:2   | zzxc: you'll be immune to everything
  8903 | Lair:2   | zzxc: until like
  8954 | Lair:2   | zzxc: lair branch endings
  8965 | Lair:2   | zzxc: and even then
  9016 | Lair:2   | zzxc: nearly immune
  9150 | Lair:2   | zzxc: I think ev is like
  9163 | Lair:2   | zzxc: reverse diminishing returns
  9180 | Lair:2   | zzxc: it seems to have breakpoints
  9201 | Lair:2   | zzxc: of effectiveness
  9206 | Lair:2   | Sixotanaka: that's not reverse diminishing returns :P
  9206 | Lair:2   | zzxc: breakpoints where it becomes better!
  9206 | Lair:2   | Sixotanaka: reverse diminishing returns would be like exponential growth
  9250 | Lair:2   | zzxc: hell rats
  9252 | Lair:2   | zzxc: interesting to see them rename them every version
  9252 | Lair:2   | Sixotanaka: yeah
  9252 | Lair:2   | Sixotanaka: i think they're stronger too
  9252 | Lair:2   | zzxc: and the green ones
  9322 | Lair:2   | Sixotanaka: river rat been it's name for a while
  9327 | Lair:2   | Reached skill level 7 in Dodging
  9394 | Lair:2   | zzxc: trunk I think
  9399 | Lair:2   | zzxc: or 0.15 at earliest
  9573 | Lair:2   | zzxc: 0.16 release should be soon
  9621 | Lair:2   | zzxc: and tournament
  9698 | Lair:2   | zzxc: like a month
  9905 | Lair:3   | Reached skill level 8 in Dodging
  9983 | Lair:3   | zzxc: this is
  9984 | Lair:3   | Noticed a lindwurm
  9985 | Lair:3   | zzxc: lava snake
  9985 | Lair:3   | zzxc: er lindwurm
  9985 | Lair:3   | zzxc: pretty dangerous
  9985 | Lair:3   | zzxc: wouldnt attack
  9985 | Lair:3   | Sixotanaka: mm
  9985 | Lair:3   | Sixotanaka: the volcano is there tho
  9985 | Lair:3   | Sixotanaka: i think i can kill it
  9985 | Lair:3   | zzxc: im not sure it's the volcano
  9985 | Lair:3   | zzxc: I've seen this vault before
  9985 | Lair:3   | zzxc: without a volcano
  9985 | Lair:3   | Sixotanaka: mm
  9985 | Lair:3   | zzxc: I dont think it is volcano
  9992 | Lair:3   | Sixotanaka: nearby
  9993 | Lair:3   | zzxc: try around the corner
 10047 | Lair:3   | Sixotanaka: hmmm
 10047 | Lair:3   | zzxc: maybe read le mapping
 10048 | Lair:3   | zzxc: hmm
 10048 | Lair:3   | zzxc: ok
 10076 | Lair:3   | zzxc: weird cos I've seen that
 10076 | Lair:3   | zzxc: without a volcano
 10076 | Lair:3   | Sixotanaka: same
 10076 | Lair:3   | Sixotanaka: but i figured
 10076 | Lair:3   | zzxc: double rF
 10078 | Lair:3   | zzxc: mapping is something I need to use more often
 10078 | Lair:3   | Sixotanaka: ya
 10078 | Lair:3   | Sixotanaka: same
 10078 | Lair:3   | zzxc: usually I end up with like 10 by end of game
 10082 | Lair:3   | zzxc: maybe blink? chance at getting closer
 10089 | Lair:3   | Killed a lindwurm
 10090 | Lair:3   | Found a dark tunnel.
 10105 | Lair:3   | zzxc: wow
 10142 | Volcano  | Entered a volcano
 10143 | Volcano  | zzxc: pacifist wurm
 10143 | Volcano  | Sixotanaka: lol
 10143 | Volcano  | Sixotanaka: mm
 10143 | Volcano  | Sixotanaka: he had massive rocks
 10143 | Volcano  | Sixotanaka: flying at himn
 10143 | Volcano  | zzxc: he was pinned down
 10143 | Volcano  | Sixotanaka: from a fire resistant troll
 10168 | Volcano  | zzxc: suppressing fire
 10186 | Volcano  | zzxc: flying skull
 10242 | Volcano  | zzxc: a la doom
 10277 | Volcano  | Reached skill level 9 in Dodging
 10402 | Volcano  | zzxc: shotgun to the face
 10408 | Volcano  | Sixotanaka: claws, shotgun
 10408 | Volcano  | Sixotanaka: same thing
 10494 | Lair:3   | zzxc: heh
 10513 | Lair:3   | zzxc: how did that randart ring get cursed?
 10515 | Lair:3   | Sixotanaka: uh
 10515 | Lair:3   | Sixotanaka: mummy
 10515 | Lair:3   | zzxc: not even a good ring
 10515 | Lair:3   | Sixotanaka: in one of the side areas
 10516 | Lair:3   | zzxc: kinda handy
 10516 | Lair:3   | zzxc: new strat
 10560 | Lair:3   | zzxc: carry a load of bad rings and weapons
 10640 | Lair:3   | Found a hole to the Spider Nest.
 10645 | Lair:3   | zzxc: to reduce chances of good items getting cursed
 10648 | Lair:3   | zzxc: when you kill mummies
 10648 | Lair:3   | Sixotanaka: CAUGHT IN A WEB
 10724 | Lair:3   | zzxc: dont even know what stat to increase is optimal
 10724 | Lair:3   | zzxc: when you have this much of everything
 10724 | Lair:3   | zzxc: probably doesnt matter much
 10724 | Lair:3   | zzxc: I would guess str or int
 10724 | Lair:3   | Sixotanaka: lol
 10724 | Lair:3   | Sixotanaka: hmmmmmmmmm
 10724 | Lair:3   | Sixotanaka: str maybe
 10724 | Lair:3   | Sixotanaka: for pearl/gold dragon armours
 10724 | Lair:3   | Sixotanaka: this is the sort of character
 10724 | Lair:3   | Sixotanaka: that shadow dragon armour can work on
 10724 | Lair:3   | Sixotanaka: nothing else rofl
 10724 | Lair:3   | Sixotanaka: need 30+ dex and str
 10724 | Lair:3   | Sixotanaka: hmm how are trolls random stats assigned
 10724 | Lair:3   | Sixotanaka: ?
 10724 | Lair:3   | Sixotanaka: str/int?
 10724 | Lair:3   | zzxc: shadow dragon armour
 10724 | Lair:3   | zzxc: um
 10724 | Lair:3   | zzxc: pretty sure
 10724 | Lair:3   | zzxc: str
 10724 | Lair:3   | zzxc: every 3 or 4 levels
 10724 | Lair:3   | zzxc: maybe 5
 10724 | Lair:3   | zzxc: I would guess s/4
 10724 | Lair:3   | zzxc: um
 10724 | Lair:3   | zzxc: naga
 10724 | Lair:3   | Sixotanaka: +1 strength every 3rd level.
 10724 | Lair:3   | zzxc: could do shadow dragon armour well
 10724 | Lair:3   | Sixotanaka: ye
 10724 | Lair:3   | Sixotanaka: my NaTr was stealthy as fuck
 10724 | Lair:3   | Sixotanaka: despite no investment
 10724 | Lair:3   | Sixotanaka: this char is probably a closet ninja too
 10724 | Lair:3   | Sixotanaka: i probs should int
 10724 | Lair:3   | Sixotanaka: i think STR will be high enough for any purpose
 10724 | Lair:3   | zzxc: I mean
 10724 | Lair:3   | zzxc: int might be high enough for any purpose
 10724 | Lair:3   | zzxc: as well
 10724 | Lair:3   | Sixotanaka: mmmmmmm
 10724 | Lair:3   | Reached XP level 12. HP: 92/100 MP: 11/20
 10725 | Lair:3   | zzxc: in which case might as well get the marginal dmg boost from str
 10725 | Lair:3   | Sixotanaka: yea
 10744 | Lair:3   | Reached skill level 10 in Dodging
 10748 | Lair:3   | zzxc: what'd you pick?
 10874 | Lair:3   | Sixotanaka: str
 10874 | Lair:3   | zzxc: and I've never really seen much ev gain from str
 10875 | Lair:3   | Sixotanaka: not at 30+
 10875 | Lair:3   | zzxc: except when you are under the encumberance of the armour
 10878 | Lair:3   | Learned a level 2 spell: Repel Missiles
 11075 | Lair:3   | zzxc: mm you're cruising now
 11075 | Lair:3   | Sixotanaka: my lecturer made an mmo
 11075 | Lair:3   | zzxc: and only 22 ev
 11075 | Lair:3   | Sixotanaka: for his portfolio
 11075 | Lair:3   | Sixotanaka: and people are finding so many bugs
 11075 | Lair:3   | Sixotanaka: in it
 11076 | Lair:3   | zzxc: lol
 11145 | Lair:3   | zzxc: wouldnt be an mmo withouto bugs
 11145 | Lair:3   | Sixotanaka: you can get 6x xp
 11145 | Lair:3   | Sixotanaka: from enemies
 11145 | Lair:3   | Sixotanaka: by just using an ability on them before they die
 11145 | Lair:3   | Sixotanaka: brb a sec
 11145 | Lair:3   | zzxc: mm
 11145 | Lair:3   | zzxc: in unreal world I think you can (or could) get more cords
 11145 | Lair:3   | zzxc: if you made bandages from fur/leather first
 11145 | Lair:3   | zzxc: and then cords from the bandages
 11145 | Lair:3   | zzxc: instead of straight to cords
 11145 | Lair:3   | zzxc: weird stuff
 11145 | Lair:3   | zzxc: you need to eat a lot of food to survive
 11145 | Lair:3   | zzxc: but when you roast meat at a fire it will only last a few days, nearly a week
 11145 | Lair:3   | zzxc: so you have to keep hunting etc
 11145 | Lair:3   | zzxc: unless of course you try to preserve the meat
 11145 | Lair:3   | zzxc: drying, smoking or salting
 11145 | Lair:3   | zzxc: but drying and smoking require hanging the meat by cord
 11145 | Lair:3   | zzxc: to make cords / rope you need leather or fur
 11145 | Lair:3   | zzxc: which means tanning the skin of an animal you find
 11145 | Lair:3   | zzxc: which is an involved process
 11145 | Lair:3   | Sixotanaka: lol
 11398 | Lair:4   | Sixotanaka: is it just survival?
 11434 | Lair:4   | zzxc: yeah
 11440 | Lair:4   | zzxc: it's the deepest survival game
 11440 | Lair:4   | zzxc: pure survival game
 11440 | Lair:4   | zzxc: that I can think of
 11443 | Lair:4   | zzxc: set in iron age finland
 11443 | Lair:4   | Sixotanaka: mm
 11465 | Lair:4   | zzxc: spent days tracking elk tracks before
 11469 | Lair:4   | zzxc: ingame days
 11469 | Lair:4   | Sixotanaka: i prefer something like don't starve
 11469 | Lair:4   | Sixotanaka: to just pure survival
 11469 | Lair:4   | Sixotanaka: where there's some element of progression etc.
 11469 | Lair:4   | zzxc: I was playing dont starve for the first time
 11469 | Lair:4   | zzxc: the other day
 11486 | Lair:4   | Reached skill level 11 in Dodging
 11533 | Lair:4   | zzxc: but I preferred playing unreal world
 11589 | Lair:4   | zzxc: oh
 11642 | Lair:4   | zzxc: there is definitely a feeling of progression
 11642 | Lair:4   | zzxc: from unreal world
 11642 | Lair:4   | Sixotanaka: k
 11652 | Lair:4   | zzxc: like for instance
 11819 | Lair:4   | zzxc: now I have traps all over my area
 11831 | Lair:4   | zzxc: a lot of passive hunting
 11831 | Lair:4   | zzxc: low effort
 11831 | Lair:4   | Sixotanaka: don't starve has a pretty involved progression
 11831 | Lair:4   | zzxc: it's nice
 11835 | Lair:4   | zzxc: yeah
 11836 | Lair:4   | Noticed chequers' ghost (powerful DsBe)
 11836 | Lair:4   | zzxc: and surviving winter is hard
 11836 | Lair:4   | zzxc: so I hear
 11836 | Lair:4   | Sixotanaka: fucking chequers
 11836 | Lair:4   | Sixotanaka: how does he die on these chars
 11836 | Lair:4   | zzxc: haha
 11836 | Lair:4   | zzxc: ikr
 11836 | Lair:4   | Sixotanaka: demonspawn zerker
 11836 | Lair:4   | Sixotanaka: greatsword (at least) of draining
 11836 | Lair:4   | Sixotanaka: o
 11836 | Lair:4   | zzxc: if you get a ds into lair
 11836 | Lair:4   | Sixotanaka: thats a shield
 11836 | Lair:4   | zzxc: how do you die
 11836 | Lair:4   | Sixotanaka: yes
 11836 | Lair:4   | Sixotanaka: esp a zerker
 11836 | Lair:4   | Sixotanaka: can u look at his char?
 11836 | Lair:4   | zzxc: lol
 11836 | Lair:4   | Sixotanaka: i can't load akrasiac
 11836 | Lair:4   | Sixotanaka: for some reason
 11836 | Lair:4   | zzxc: not really
 11836 | Lair:4   | zzxc: would be too hard to find that char
 11836 | Lair:4   | Sixotanaka: he dies ALL the time
 11836 | Lair:4   | zzxc: and would need to open irc
 11836 | Lair:4   | Sixotanaka: well
 11836 | Lair:4   | zzxc: just avoid it
 11836 | Lair:4   | Sixotanaka: look for a DsBe died in lair
 11836 | Lair:4   | zzxc: you've cleared half the floor already
 11836 | Lair:4   | Sixotanaka: but if I can kill it
 11836 | Lair:4   | Sixotanaka: SOOO much xp
 11836 | Lair:4   | Sixotanaka: dude
 11838 | Lair:4   | zzxc: not much xp
 11841 | Lair:4   | zzxc: honestly
 11882 | Lair:4   | zzxc: not like you're having trouble
 11901 | Lair:5   | zzxc: with regular enemies
 11952 | Lair:5   | zzxc: so in unreal world
 11952 | Lair:5   | zzxc: you can build structures, houses etc
 11952 | Lair:5   | zzxc: but it takes a LOT of work
 11952 | Lair:5   | Sixotanaka: lol
 11962 | Lair:5   | zzxc: like months
 12117 | Lair:5   | zzxc: one time I was tracking an elk
 12133 | Lair:5   | zzxc: but I kinda lost the trail
 12161 | Lair:5   | Found a white marble altar of Elyvilon.
 12171 | Lair:5   | zzxc: and then I came across a njerpezit warrior
 12176 | Lair:5   | Sixotanaka: njerpezit
 12176 | Lair:5   | Sixotanaka: derp pit
 12204 | Lair:5   | zzxc: people like to call them
 12206 | Lair:5   | zzxc: njerps
 12206 | Lair:5   | zzxc: nyerps
 12206 | Lair:5   | zzxc: nyerpnyerp
 12327 | Lair:5   | zzxc: anyway
 12445 | Lair:5   | zzxc: he wasa much further north west of where they normally are
 12455 | Lair:5   | zzxc: anyway he ran at me
 12705 | Lair:5   | zzxc: eventually I killed him
 12730 | Lair:5   | zzxc: got some nice stuff from him
 12730 | Lair:5   | zzxc: njerps are like
 12730 | Lair:5   | zzxc: the baddies
 12759 | Lair:6   | zzxc: warlike tribe that hates everyone
 12776 | Lair:6   | zzxc: and goes hunting for people
 12785 | Lair:6   | Reached skill level 12 in Dodging
 12795 | Lair:6   | zzxc: but yeah there's progression
 12823 | Lair:6   | zzxc: a lot of stuff is hard to craft / impossible
 12884 | Lair:6   | Noticed Nergalle
 12888 | Lair:6   | zzxc: without other stuff
 12895 | Lair:6   | Killed Nergalle
 12917 | Lair:6   | zzxc: and some things are trade only
 12964 | Lair:6   | zzxc: like special weapons
 13078 | Lair:5   | Sixotanaka: so there's a group of designers
 13078 | Lair:5   | Sixotanaka: next door to us
 13078 | Lair:5   | Sixotanaka: and they always clap
 13078 | Lair:5   | Sixotanaka: like 20+ times a day
 13078 | Lair:5   | Sixotanaka: they break into applause
 13099 | Lair:5   | Sixotanaka: at first I thought like
 13099 | Lair:5   | Sixotanaka: "this must be really exciting"
 13099 | Lair:5   | Sixotanaka: but there's no way
 13099 | Lair:5   | Sixotanaka: they must be special people
 13099 | Lair:5   | Sixotanaka: designers so probably
 13109 | Lair:6   | zzxc: lol
 13200 | Lair:6   | Reached XP level 13. HP: 77/106 MP: 12/21
 13257 | Lair:6   | Found a staircase to the Slime Pits.
 13471 | Lair:6   | Reached skill level 13 in Dodging
 14014 | Lair:6   | Found a staircase to the Shoals.
 14311 | Lair:7   | Sixotanaka: they're playing The Hidden
 14762 | Lair:7   | Sixotanaka: lunch time
 14762 | Lair:7   | Sixotanaka: 19 ping to a league game
 15082 | Lair:7   | Reached skill level 14 in Dodging
 15321 | Lair:8   | Entered Level 8 of the Lair of Beasts
 15573 | Lair:7   | HP: 17/106 [six-headed hydra (10)]
 15863 | Lair:8   | HP: 12/106 [seven-headed hydra (16)]
 15863 | Lair:8   | HP: 2/106 [seven-headed hydra (10)]
 15867 | Lair:8   | phoenixzeus: Too close for comfort
 15867 | Lair:8   | Sixotanaka: yeah
 15867 | Lair:8   | Sixotanaka: hydras are awful for this char
 15867 | Lair:8   | phoenixzeus: Yeah I never had much luck with that build
 15867 | Lair:8   | Sixotanaka: i wish I could like, equip gloves to cancel out my claws
 15867 | Lair:8   | phoenixzeus: Yeah, in this spot it'd be nice
 15867 | Lair:8   | Sixotanaka: hehe
 16041 | Lair:8   | phoenixzeus: Nice avoidance
 16044 | Lair:8   | Sixotanaka: 33 dex + no armour = stealthy :D
 16048 | Lair:8   | phoenixzeus: haha true
 16048 | Lair:8   | Sixotanaka: i'm off and on btw, at uni :)
 16048 | Lair:8   | phoenixzeus: Well I'm off for lunch. Hope you're still going when I'm back :)
 16048 | Lair:8   | phoenixzeus: Good luck
 16048 | Lair:8   | phoenixzeus: Ahh, I'm at work in Brisbane
 16048 | Lair:8   | Sixotanaka: yeah have a good day :)
 16048 | Lair:8   | phoenixzeus: You too mate
 16048 | Lair:8   | Sixotanaka: ah yeah, at uni in Melb
 16048 | Lair:8   | Sixotanaka: :P
 16049 | Lair:8   | phoenixzeus: I'm just happy we finally have an Aus-based webtiles server
 16049 | Lair:8   | Sixotanaka: hehe, been around for a while now tho
 16049 | Lair:8   | phoenixzeus: Only found it today, after giving up a few years back
 16049 | Lair:8   | phoenixzeus: Ahhh
 16049 | Lair:8   | Sixotanaka: chequers is a great guy
 16049 | Lair:8   | Sixotanaka: :)
 16050 | Lair:8   | phoenixzeus: guess I'll be on all the time then
 16053 | Lair:8   | phoenixzeus: Beats playing offline
 16056 | Lair:8   | Reached skill level 2 in Throwing
 16073 | Lair:8   | Sixotanaka: ya
 16073 | Lair:8   | phoenixzeus: Anyway, I'm off. Good luck mate :)
 16073 | Lair:8   | Sixotanaka: thx
 16215 | Lair:8   | Sixotanaka: first curing found on l6 dave
 16528 | Lair:8   | Reached skill level 3 in Throwing
 16786 | Lair:8   | Reached skill level 4 in Throwing
 16974 | Lair:8   | Reached skill level 5 in Throwing
 17256 | Lair:8   | zzxc: I haven't been spectating since you went afk
 17256 | Lair:8   | zzxc: my net stopped
 17256 | Lair:8   | zzxc: dont know why it still says I'm speccing
 17256 | Lair:8   | Sixotanaka: lol
 17256 | Lair:8   | zzxc: epic storm atm
 17256 | Lair:8   | Sixotanaka: first curing
 17256 | Lair:8   | Sixotanaka: in l6
 17256 | Lair:8   | zzxc: 16?
 17256 | Lair:8   | Sixotanaka: L 6
 17256 | Lair:8   | zzxc: o
 17256 | Lair:8   | zzxc: l1
 17256 | Lair:8   | zzxc: look the same
 17256 | Lair:8   | Sixotanaka: lel
 17256 | Lair:8   | Sixotanaka: not really
 17256 | Lair:8   | Sixotanaka: l 1
 17256 | Lair:8   | zzxc: on firefox
 17256 | Lair:8   | zzxc: almost the same
 17256 | Lair:8   | Sixotanaka: quite a difference here
 17256 | Lair:8   | zzxc: firefox?
 17256 | Lair:8   | Sixotanaka: iirc it's just a font
 17256 | Lair:8   | Sixotanaka: mostly the / vs -
 17256 | Lair:8   | zzxc: l should be
 17256 | Lair:8   | zzxc: |_
 17256 | Lair:8   | zzxc: with a smaller _
 17256 | Lair:8   | zzxc: miniature L
 17256 | Lair:8   | zzxc: anyway
 17256 | Lair:8   | zzxc: 27 ev nice
 17256 | Lair:8   | zzxc: oh
 17256 | Lair:8   | zzxc: 1.6 fighting
 17256 | Lair:8   | Sixotanaka: ya
 17256 | Lair:8   | zzxc: sif not train some
 17256 | Lair:8   | Sixotanaka: mm
 17256 | Lair:8   | Sixotanaka: idk
 17256 | Lair:8   | Sixotanaka: just thinking
 17256 | Lair:8   | zzxc: hp gain from fighting scales with your HP apt
 17256 | Lair:8   | Sixotanaka: i got some throwing
 17256 | Lair:8   | Sixotanaka: REALLY helped with hydras
 17256 | Lair:8   | zzxc: yeah
 17256 | Lair:8   | zzxc: yesh
 17256 | Lair:8   | zzxc: did you go back and kill that hydraaoklob
 17256 | Lair:8   | Sixotanaka: nah
 17306 | Lair:6   | Reached skill level 2 in Fighting
 17405 | Lair:4   | Sixotanaka: could probably kill chequers' ghost
 17405 | Lair:4   | Sixotanaka: if only i knew if it was zerked or not
 17405 | Lair:4   | Sixotanaka: when it died
 17405 | Lair:4   | zzxc: that matters?
 17405 | Lair:4   | zzxc: wouldnt it be fast then?
 17405 | Lair:4   | Sixotanaka: has more hp
 17405 | Lair:4   | Sixotanaka: does more dmg
 17405 | Lair:4   | Sixotanaka: faster
 17405 | Lair:4   | zzxc: im sure you'd be fine to fight it while standing on stairs
 17405 | Lair:4   | zzxc: but it's also unnecessary
 17405 | Lair:4   | Sixotanaka: if I can aggro it while I'm near a staircase....
 17421 | Lair:4   | Reached XP level 14. HP: 104/118 MP: 12/21
 17422 | Lair:4   | zzxc: um
 17427 | Lair:4   | Reached skill level 3 in Fighting
 17431 | Lair:4   | zzxc: just go to a staircase
 17493 | Lair:4   | zzxc: then make a lot of noise
 17495 | Lair:4   | zzxc: it'll come
 17520 | Lair:4   | zzxc: man
 17527 | Lair:4   | zzxc: thu7nder is so epic
 17527 | Lair:4   | zzxc: atm
 17538 | Lair:4   | Sixotanaka: was wild in the city a bit ago
 17538 | Lair:4   | Sixotanaka: but not rly here
 17593 | Lair:4   | Sixotanaka: hopefully noise scroll is loud enoguh
 18215 | Lair:4   | Sixotanaka: 2sneaky
 18215 | Lair:4   | Sixotanaka: thunderstorm makes nice backgorund noise
 18315 | Lair:4   | Sixotanaka: masks all my screaming
 18554 | Lair:4   | HP: 12/122 [chequers' ghost (32)]
 18554 | Lair:4   | Slain by chequers' ghost

Vanquished Creatures
  A minotaur (Lab)
  A fire dragon (Lair:8)
  5 hydras
  A catoblepas (Lair:7)
  6 death yaks
  Nergalle (Lair:6)
  A lindwurm (Lair:3)
  4 griffons
  A siren (Lair:6)
  7 elephants
  13 spiny frogs
  3 black mambas
  A torpor snail (Lair:7)
  A queen ant (Lair:6)
  8 komodo dragons
  3 fire drakes
  A queen bee (Lair:1)
  A jumping spider (Lair:3)
  A merfolk (Lair:6)
  A polar bear (Lair:7)
  Grinder (D:3)
  8 blink frogs
  The ghost of chequers the Insei, an average OpBe of Trog (D:4)
  A boulder beetle (Lair:8)
  A two-headed ogre (D:9)
  2 flying skulls (Volcano)
  2 basilisks
  A spriggan (D:7)
  2 vampires (Volcano)
  A steam dragon (Lair:8)
  A wyvern (Lair:3)
  A hungry ghost (D:10)
  15 yaks
  5 hippogriffs
  A deep elf fighter (D:10)
  15 wolves
  Edmund (D:4)
  4 mottled dragons (Lair:8)
  17 water moccasins
  6 soldier ants (Lair:6)
  2 swamp drakes (Lair:8)
  4 sky beasts
  A wasp (D:9)
  3 ice beasts
  10 porcupines
  4 ogres
  A phantom (D:6)
  4 centaurs
  A boring beetle (Lair:5)
  25 crocodiles
  Sigmund (D:3)
  3 big kobolds
  20 giant frogs
  A water moccasin zombie (D:9)
  3 scorpions
  A wyvern skeleton (D:10)
  2 water moccasin skeletons
  An electric eel (Lair:6)
  16 wights
  24 killer bees
  5 crimson imps
  A giant frog zombie (D:6)
  6 orc priests
  2 centaur zombies
  8 iguanas
  13 jellies (Lair:6)
  11 hounds
  A centaur skeleton (D:7)
  29 worker ants
  Natasha (thrice) (D:3)
  10 orc wizards
  10 hell rats (Lair:2)
  14 sheep (Lair:5)
  A mummy (Volcano)
  Robin (D:3)
  3 gnolls (D:6)
  92 river rats
  2 shadow imps
  17 adders
  2 giant mites (D:6)
  2 adder zombies
  A giant gecko (D:7)
  2 oozes
  33 orcs
  3 ball pythons
  A bat skeleton (D:4)
  A bat zombie (D:6)
  A giant cockroach (D:6)
  20 goblins
  13 hobgoblins
  17 jackals
  4 quokkas
  16 bats
  A giant gecko zombie (D:6)
  2 giant newts
  28 kobolds
  2 quokka skeletons (D:5)
  36 rats
  7 plants (Lair:8)
695 creatures vanquished.

Vanquished Creatures (others)
  8 fungi
  3 plants
11 creatures vanquished.

Grand Total: 706 creatures vanquished
